 Dungeon Crawl Stone Soup version 0.20.1-1-g8b1a95d (webtiles) character file.

20 MJtheKandyman the Shooter (level 2, -6/24 HPs)
             Began as a Centaur Hunter on Dec 27, 2017.
             Mangled by a gnoll
             ... wielding a +0 halberd
              (16 damage)
             ... on level 2 of the Dungeon.
             The game lasted 00:04:26 (833 turns).

MJtheKandyman the Shooter (Centaur Hunter)           Turns: 833, Time: 00:04:27

Health: -6/24      AC:  4    Str: 14    XL:     2   Next: 58%
Magic:  2/2        EV:  9    Int: 10    God:
Gold:   22         SH:  0    Dex:  9    Spells: 1/1 levels left

rFire    . . .     SeeInvis .   a - +1 shortbow
rCold    . . .     Gourm    .   (shield currently unavailable)
rNeg     . . .     Faith    .   c - +0 leather armour
rPois    .         Spirit   .   (no helmet)
rElec    .         Reflect  .   (no cloak)
rCorr    .         Harm     .   (no gloves)
MR       .....                  (no barding)
Stlth    +.........             (no amulet)
Regen    0.1/turn               (no ring)
MPRegen  0.1/turn               (no ring)

@: very quick
A: hooves 3, deformed body, speed 2, tough skin 3
a: no special abilities


You were on level 2 of the Dungeon.
You were not hungry.

You visited 1 branch of the dungeon, and saw 2 of its levels.

You collected 22 gold pieces.

Inventory:

Hand Weapons
 a - a +1 shortbow (weapon)
 b - a +0 short sword
Missiles
 d - 14 arrows (quivered)
 n - 36 stones
Armour
 c - a +0 leather armour (worn)
 h - a +0 cloak
Scrolls
 i - 4 scrolls of identify {unknown}
 k - 2 scrolls of amnesia {unknown}
 l - a scroll of magic mapping {unknown}
 m - a scroll of remove curse {unknown}
Potions
 e - 2 potions of berserk rage {unknown}
 j - a potion of degeneration {unknown}
 p - a potion of curing {unknown}
Comestibles
 f - a bread ration
 g - a meat ration
 o - a chunk of flesh


   Skills:
 - Level 2.0 Fighting
 - Level 5.3 Bows
 - Level 1.3 Dodging
 - Level 0.4 Stealth
 + Level 2.3 Unarmed Combat


You had one spell level left.
You didn't know any spells.

Dungeon Overview and Level Annotations

Branches:
Dungeon (2/15)

Altars:
Ashenzari
Cheibriados
Gozag
Qazlal
Xom


Innate Abilities, Weirdness & Mutations

You have hooves in place of feet.
Armour fits poorly on your strangely shaped body.
You cover ground very quickly.
You have extremely tough skin. (AC +3)


Message History

You kill the frilled lizard!
The gnoll hits you from afar with a halberd.
You are too injured to fight recklessly!
You are too injured to fight recklessly!
You are too injured to fight recklessly!
You are too injured to fight recklessly!
Firing (i - inventory. (,) - cycle):
d - 16 arrows (quivered)
Press: ? - help, Shift-Dir - straight line, f - gnoll
Aim: a gnoll, wielding a halberd You shoot an arrow.
The arrow hits the gnoll!
The gnoll is heavily wounded.
Firing (i - inventory. (,) - cycle):
d - 15 arrows (quivered)
Press: ? - help, Shift-Dir - straight line, f/p - gnoll
Aim: a gnoll, wielding a halberd (heavily wounded)
You shoot an arrow. The arrow barely misses the gnoll.
The arrow hits the gnoll.
The gnoll is lightly wounded.
The gnoll hits you from afar with a halberd!
Ouch! That really hurt!
You die...

###...###
###.#.## #.# ## #
#.+## #.#
###..###### #.#
#.........# #.#
#.##...##.# #.#
##.#.....#.####.#
...............
##.#.....#.####
#.##@..##.#
#...(.....#
####g###### #g#
#g# #g#####
#.#...# #..# #.##


You could see 4 gnolls.

Vanquished Creatures
  A dart slug (D:1)
  A bat (D:2)
  A giant cockroach (D:1)
  A goblin (D:1)
  2 hobgoblins (D:1)
  4 kobolds
  A ball python (D:1)
  2 frilled lizards (D:2)
  4 rats
17 creatures vanquished.

Notes
Turn   | Place    | Note
-------+----------+-------------------------------------------
     0 | D:1      | MJtheKandyman the Centaur Hunter began the quest for the Orb.
     0 | D:1      | Reached XP level 1. HP: 17/17 MP: 1/1
   153 | D:1      | Reached skill level 1 in Unarmed Combat
   337 | D:1      | Found a radiant altar of Vehumet.
   342 | D:1      | Reached XP level 2. HP: 24/24 MP: 2/2
   343 | D:1      | Found a snail-covered altar of Cheibriados.
   343 | D:1      | Found a stormy altar of Qazlal.
   346 | D:1      | Found a shattered altar of Ashenzari.
   346 | D:1      | Found a shimmering altar of Xom.
   346 | D:1      | Found an opulent altar of Gozag.
   770 | D:2      | Found a shimmering altar of Xom.
   833 | D:2      | Mangled by a gnoll

Skill      XL: |  1  2 |
---------------+-------+-----
Unarmed Combat | 1 2 |  2.3
Fighting       | |  2.0
Bows           | |  5.3
Dodging        | |  1.3
Stealth        | |  0.4

Action                   || total
-------------------------++-------
Melee: Short sword       ||    17
       Kick              ||     3
 Fire: Shortbow          ||    33
Armor: Leather armour    ||     7
Dodge: Dodged            ||    15
